Map: Arctic Dream LE

Players

Phaqui

  • Race: Protoss Protoss
  • League: Master
  • Spawn Location: 12:00

Qken

  • Race: Protoss Protoss
  • Spawn Location: 11:00

Massa - Winner!

  • Race: Terran Terran
  • League: Platinum
  • Spawn Location: 6:00

qqq - Winner!

  • Race: Zerg Zerg
  • Spawn Location: 5:00

VOD

Have the link to the VOD?

Description

Time

  • Played on: March 22, 2021, 1:42 p.m.
  • Length: 4:57
Show
View Real Time Build Order
Export as new Build Order

Phaqui Protoss 

Build Orders: Oracle Opening 

Get SALT Encoding   

  12  0:00  Probe  
  13  0:12  Probe  
  14  0:17  Pylon  
  14  0:24  Probe (Chrono Boost)  
  15  0:37  Probe (Chrono Boost)  
  15  0:40  Gateway  
  16  0:46  Probe (Chrono Boost), Assimilator  
  17  0:53  Probe  
  17  0:56  Assimilator  
  18  1:05  Probe  
  19  1:13  Gateway  
  19  1:17  Probe  
  20  1:27  Cybernetics Core  
  20  1:29  Probe  
  21  1:36  Pylon  
  21  1:42  Probe  
  22  1:54  Probe  
  23  2:04  Warp Gate, Adept x2  
  27  2:13  Pylon  
  27  2:17  Stargate  
  27  2:34  Adept x2  
  31  2:49  Nexus  
  31  2:58  Oracle (Chrono Boost)  
  34  3:06  Probe  
  35  3:26  Probe  
  36  3:38  Probe  
  37  3:45  Pylon  
  37  3:50  Probe  
  37  3:52  Void Ray (Chrono Boost)  
  40  4:08  Shield Battery  
  40  4:09  Shield Battery  
  40  4:13  Gateway  
  40  4:14  Gateway  
  40  4:17  Probe  
Show
View Real Time Build Order
Export as new Build Order

Qken Protoss 

Build Orders:  

Get SALT Encoding   

  12  0:00  Probe (Chrono Boost)  
  13  0:12  Probe (Chrono Boost)  
  14  0:19  Probe  
  15  0:24  Pylon  
  15  0:42  Gateway  
  15  0:46  Probe  
  16  0:51  Assimilator  
  16  0:58  Probe (Chrono Boost)  
  16  0:59  Pylon  
  17  1:10  Probe (Chrono Boost)  
  18  1:16  Probe (Chrono Boost)  
  19  1:25  Probe  
  20  1:30  Cybernetics Core  
  20  1:37  Probe  
  21  1:49  Probe  
  22  2:00  Nexus  
  22  2:01  Probe  
  23  2:07  Warp Gate  
  23  2:10  Stalker  
  23  2:15  Probe  
  26  2:22  Assimilator  
  26  2:27  Probe  
  26  2:29  Pylon  
  27  2:40  Probe, Sentry  
  30  2:52  Probe  
  31  3:04  Probe  
  32  3:07  Stargate  
  32  3:14  Probe (Chrono Boost)  
  32  3:16  Probe (Chrono Boost)  
  34  3:26  Probe (Chrono Boost)  
  36  3:28  Probe (Chrono Boost)  
  36  3:30  Twilight Council  
  36  3:32  Probe (Chrono Boost)  
  36  3:33  Probe (Chrono Boost)  
  38  3:40  Probe (Chrono Boost)  
  39  3:42  Assimilator  
  39  3:46  Probe (Chrono Boost), Assimilator  
  39  3:47  Pylon  
  40  3:49  Pylon, Void Ray  
  40  3:52  Probe (Chrono Boost)  
  46  3:58  Probe (Chrono Boost)  
  46  4:01  Probe (Chrono Boost)  
  46  4:07  Probe  
  46  4:08  Sentry  
  50  4:13  Probe  
  51  4:21  Pylon  
  51  4:32  Stalker  
Show
View Real Time Build Order
Export as new Build Order

Massa Terran - Winner!

Build Orders:  

Get SALT Encoding   

  12  0:00  SCV  
  13  0:12  SCV  
  14  0:17  Supply Depot  
  14  0:27  SCV  
  15  0:41  Barracks  
  15  0:43  Refinery  
  15  0:46  SCV  
  16  1:00  SCV  
  17  1:04  Barracks  
  17  1:13  SCV  
  18  1:27  Orbital Command  
  18  1:31  Supply Depot  
  18  1:45  Barracks Tech Lab  
  18  1:49  Barracks  
  18  1:52  Marine  
  19  1:56  SCV  
  20  2:09  Marine  
  20  2:10  Marine  
  22  2:16  SCV  
  22  2:21  Stimpack  
  23  2:27  Marauder  
  23  2:28  SCV, Marine  
  27  2:34  Barracks  
  27  2:38  Marine  
  28  2:48  Marauder  
  30  2:53  Marine  
  31  3:03  Supply Depot  
  31  3:06  Marine  
  31  3:12  Marauder, Marine  
  35  3:23  Marine  
  35  3:24  Marine  
  37  3:27  Supply Depot  
  37  3:29  Marine  
  37  3:33  Marauder  
  40  3:41  Marine  
  41  3:46  Marine  
  42  3:48  Marine  
  42  3:54  Marine  
  44  3:58  Marine  
  44  4:00  Concussive Shells  
  45  4:04  Marine  
  45  4:06  Marine  
Show
View Real Time Build Order
Export as new Build Order

qqq Zerg - Winner!

Build Orders: Hatch First 

Get SALT Encoding   

  12  0:00  Drone  
  13  0:11  Drone  
  14  0:18  Overlord  
  14  0:44  Hatchery  
  13  0:56  Drone x2  
  13  0:57  Drone  
  16  1:06  Extractor  
  15  1:21  Spawning Pool  
  15  1:22  Drone  
  15  1:28  Drone  
  15  1:31  Drone  
  17  1:43  Drone  
  18  1:54  Drone  
  19  2:08  Queen  
  19  2:13  Metabolic Boost  
  21  2:18  Drone  
  21  2:20  Drone  
  23  2:24  Drone  
  24  2:32  Evolution Chamber  
  24  2:35  Extractor  
  22  2:40  Evolution Chamber  
  22  2:44  Queen  
  21  2:45  Drone x2  
  21  2:49  Zergling x2  
  27  2:51  Zergling x2  
  27  2:55  Zergling x2  
  28  3:02  Overlord  
  27  3:20  Drone, Zergling x6  
  27  3:26  Drone x2  
  33  3:28  Zergling x2  
  34  3:36  Overlord  
  34  3:38  Zergling x2  
  35  3:51  Zergling x2  
  33  3:57  Zergling x6  
  34  4:03  Zergling x4  
  34  4:06  Zergling x2  
  37  4:15  Zergling x6  
  36  4:34  Zergling x8  
  36  4:36  Zergling x4  
Tags
 
Add a new tag
Caveats
  • Supply blocks, unpowered buildings, or Contaminate may cause inaccurate times.
  • Supply counts are checked every 10 seconds.